 Dungeon Crawl Stone Soup version 0.28-a0-653-g7e9dba17c3 (webtiles) character file.

Game seed: 2135563031100096601

82 KoroneIsBestGirl the Covered (level 4, -2/37 HPs)
             Began as a Barachi Fighter on Oct 11, 2021.
             Slain by Terence (3 damage)
             ... on level 2 of the Dungeon.
             The game lasted 00:02:01 (2465 turns).

KoroneIsBestGirl the Covered (Barachi Fighter)      Turns: 2465, Time: 00:02:02

Health: -2/37      AC:  7    Str: 18    XL:     4   Next: 43%
Magic:  4/4        EV:  9    Int:  9    God:
Gold:   69         SH:  4    Dex: 11    Spells: 3/3 levels left

rFire   . . .      SeeInvis .   a - +0 trident
rCold   . . .      Faith    .   c - +0 buckler
rNeg    . . .      Spirit   .   b - +0 scale mail
rPois   .          Reflect  .   (no helmet)
rElec   .          Harm     .   (no cloak)
rCorr   .          Rampage  .   (no gloves)
Will    .....                   (no boots)
Stlth   ..........              (no amulet)
HPRegen 0.12/turn               (no ring)
MPRegen 0.09/turn               (no ring)

@: mighty, slow
A: amphibious, slowness 1, strong legs 1, +LOS
a: Hop


You were on level 2 of the Dungeon.
You visited 1 branch of the dungeon, and saw 3 of its levels.

You collected 69 gold pieces.

Inventory:

Hand Weapons
 a - a +0 trident (weapon)
Armour
 b - a +0 scale mail (worn)
 c - a +0 buckler (worn)
Wands
 h - a wand of charming (7)
 i - a wand of acid (6)
Scrolls
 g - a scroll of magic mapping {unknown}
 k - a scroll of teleportation {unknown}
 l - a scroll of acquirement {unknown}
Potions
 j - a potion of flight {unknown}
 m - a potion of haste {unknown}


   Skills:
 + Level 4.2 Fighting
 * Level 3.2 Polearms
 + Level 4.2 Armour
 + Level 3.9 Shields


You had 3 spell levels left.
You didn't know any spells.
Your spell library contained the following spells:

 Spells                   Type           Power      Damage    Failure   Level
 Animate Skeleton         Necr           0%         N/A       77%         1
 Pain                     Necr           0%         1d4       77%         1
 Vampiric Draining        Necr           0%         2d6       98%         3


Dungeon Overview and Level Annotations

Branches:
Dungeon (3/15)

Altars:

Annotations:
D:2 Terence
D:3 2 transporters, pigah's ghost, amateur OpWn


Innate Abilities, Weirdness & Mutations

You are amphibious.
You cover ground slowly.
You can hop short distances.
You have an extended range of vision and can be seen from far away.


Message History

Terence barely misses you.
You climb upwards.
There is a stone staircase leading down here.
You start resting.
You are ready to hop once more.
You start resting.
HP restored.
You start waiting.
Done waiting.
You start waiting.
Done waiting.
You start waiting.
Done waiting.
You climb downwards.
Level annotation: 2 transporters, Terence; pigah's ghost, amateur OpWn
There is a stone staircase leading up here.
Terence hits you with a +4 vorpal falchion.
The worm barely misses you.
You climb upwards.
There is a stone staircase leading down here.
Terence barely misses you. You block Terence's attack.
You feel very mighty all of a sudden.
Terence hits you with a +4 vorpal falchion.
You hit Terence.
Terence is lightly wounded.
Terence hits you with a +4 vorpal falchion!
You hit Terence.
Terence is lightly wounded.
Terence hits you with a +4 vorpal falchion!
* * * LOW HITPOINT WARNING * * *
x2 You puncture Terence!
Terence is heavily wounded.
Terence says, "Don't bother to defend, it's pointless."
Terence barely misses you.
You barely miss Terence.
Terence is heavily wounded.
Terence hits you with a +4 vorpal falchion!
* * * LOW HITPOINT WARNING * * *
You die...

#.......#####......##...........
##.#####.....#......#########...#
.#'#####..##.#.#+#### ###.#
.......#...#.#...# #..
.......#####.....# #######
#......# ###...# #...... #......#
#..w# #...... #......# #.#@#
#...... #..(...# #.#@# #......
#......# #...# #...... #......#
##### #...... #......# #......
#......# #...... #......# #......
######## ###...... #<'......
###......


You could see Terence and a worm.

Vanquished Creatures
  3 adders (D:2)
  A worm (D:3)
  2 dart slugs (D:3)
  3 orcs
  4 ball pythons
  4 bats
  6 endoplasms
  4 giant cockroaches
  A goblin (D:3)
  2 hobgoblins (D:1)
  4 jackals (D:1)
  3 quokkas
  2 kobolds
39 creatures vanquished.

Notes
Turn   | Place    | Note
-------+----------+-------------------------------------------
     0 | D:1      | KoroneIsBestGirl the Barachi Fighter began the quest for
                  | the Orb.
     0 | D:1      | Reached XP level 1. HP: 18/18 MP: 1/1
   145 | D:1      | Reached XP level 2. HP: 25/25 MP: 2/2
   543 | D:1      | Reached XP level 3. HP: 27/30 MP: 3/3
   611 | D:1      | Found a faded altar of an unknown god.
  1255 | D:2      | Reached XP level 4. HP: 16/37 MP: 4/4
  1623 | D:3      | Found a transporter.
  1634 | D:3      | Found a transporter.
  1679 | D:3      | Noticed pigah's ghost (amateur OpWn)
  1978 | D:3      | Noticed Terence
  2465 | D:2      | HP: 1/37 [Terence (7)]
  2465 | D:2      | Slain by Terence

Illustrated notes

Levels and vault maps discovered:
D:1:      minmay_arrival_up_and_down, layout_basic, serial_corexii_hall,
          corexii_hall_statues_t, corexii_hall_statues_u,
          shapermc_ecumenical_altar_ellora, hangedman_glass_garden
D:2:      layout_basic
D:3:      layout_basic, nicolae_ru_the_path_less_chosen, gammafunk_ghost_arena,
          uniq_terence

Skill      XL: |  1  2  3 |
---------------+----------+-----
Fighting       | 4 |  4.2
Armour         | 4 |  4.2
Polearms       | 3 |  3.2
Shields        | |  3.9

Action                   |  1- 3 |  4- 6 || total
-------------------------+-------+-------++-------
Melee: Trident           |    95 |    43 ||   138
 Abil: Hop               |       |     1 ||     1
  Use: Scroll            |       |     2 ||     2
       Potion            |       |     1 ||     1
Armor: Scale mail        |    50 |     6 ||    56
Dodge: Dodged            |    46 |    15 ||    61
Block: Buckler           |    27 |     6 ||    33

Table legend: (Time is in decaauts)
 A = Elapsed time spent in this place.
 B = Non-inter-level travel time spent in this place.
 C = Inter-level travel time spent in this place.
 D = Time resting spent in this place.
 E = Time spent auto-exploring this place.
 F = Levels seen in this place.
 G = Mean time per level.
                   A        B        C        D        E       F      G
               +--------+--------+--------+--------+--------+-----+--------+
         Total |   2767 |   2649 |    118 |    462 |   1846 |   3 |  922.3 |
       Dungeon |   2767 |   2649 |    118 |    462 |   1846 |   3 |  922.3 |
               +--------+--------+--------+--------+--------+-----+--------+

Top non-repeatable levels by time:
     D:2: 1435 daAuts
     D:1: 896 daAuts
     D:3: 435 daAuts
